 Dungeon Crawl Stone Soup version 0.26-a0-812-g31a745ddcd (webtiles) character file.

Game seed: 15884383643172152370

44056 kae the Grappler (level 14, -21/82 HPs)
             Began as a Tengu Transmuter on Nov 24, 2020.
             Was an Elder of Wu Jian.
             Demolished by a stone giant (27 damage)
             ... in a volcano.
             The game lasted 00:19:18 (22360 turns).

kae the Grappler (Tengu Transmuter)                Turns: 22360, Time: 00:19:19

Health: -21/82     AC: 11    Str: 15    XL:     14   Next: 27%
Magic:  31/34      EV: 18    Int: 15    God:    Wu Jian [****..]
Gold:   831        SH:  0    Dex: 14    Spells: 13/26 levels left

rFire    + . .     SeeInvis .     - Unarmed
rCold    x . .     Faith    .   (shield currently unavailable)
rNeg     . . .     Spirit   .   H - +0 swamp dragon scales (curse)
rPois    +         Reflect  .   (helmet restricted)
rElec    .         Harm     .   l - +0 cloak
rCorr    .         Rampage  .   (gloves currently unavailable)
MR       +....                  (boots unavailable)
Stlth    +.........             p - amulet of regeneration
HPRegen  0.63/turn              j - ring of magical power
MPRegen  0.24/turn              h - ring of fire

@: blade hands (expiring), flying quickly and evasively, studying Necromancy,
quick
A: beak, talons 3, able to fly
a: Stop Flying, End Transformation, Wall Jump, Serpent's Lash, Renounce Religion


You were in a volcano.
You worshipped Wu Jian.
Wu Jian was greatly pleased with you.
You had blades for hands.
You visited 2 branches of the dungeon, and saw 14 of its levels.
You also visited: Volcano.

You collected 831 gold pieces.

Inventory:

Hand Weapons
 G - the +9 lance "Wyrmbane" {slay drac, rPois rF+ rC+ AC+3}
   (You took it off Maggie on level 1 of the Lair of Beasts)

   It affects your AC (+3).
   It protects you from fire.
   It protects you from cold.
   It protects you from poison.
Armour
 l - a +0 cloak (worn)
 H - cursed +0 swamp dragon scales (worn)
Jewellery
 c - an uncursed amulet of reflection
 h - a ring of fire (right scythe-like blade)
 j - a ring of magical power (left scythe-like blade)
 p - an amulet of regeneration (around neck)
 t - an uncursed amulet of magic regeneration
 x - an uncursed ring of protection from magic
 y - an uncursed ring of positive energy
Wands
 b - a wand of enslavement (8)
 r - a wand of polymorph (11)
 w - a wand of iceblast (19)
 C - a wand of flame (44)
 D - a wand of random effects (20)
Scrolls
 e - 6 scrolls of remove curse
 g - a scroll of immolation {unknown}
 i - 2 scrolls of holy word
 s - 2 scrolls of fog
 z - a scroll of amnesia
 F - a scroll of teleportation
Potions
 d - 2 potions of degeneration
 f - a potion of attraction
 k - 2 potions of mutation
 m - 3 potions of curing
 n - 2 potions of brilliance
 o - 2 potions of flight
 q - 3 potions of heal wounds {unknown}
 u - 4 potions of might {unknown}
 v - a potion of ambrosia {unknown}
 B - a potion of haste
 E - a potion of magic {unknown}
Books
 a - a manual of Necromancy


   Skills:
 + Level 7.4 Fighting
 - Level 10.1 Armour
 + Level 8.2 Dodging
 * Level 14.2 Unarmed Combat
 + Level 6.9 Spellcasting
 * Level 8.9 Transmutations
 - Level 4.0 Ice Magic
 - Level 2.0 Poison Magic


You had 13 spell levels left.
You knew the following spells:

 Your Spells              Type           Power        Failure   Level
a - Beastly Appendage     Tmut           ####..       12%         1
b - Spider Form           Tmut/Pois      ###.......   38%         3
c - Blade Hands           Tmut           ####......   56%         5
d - Ice Form              Ice/Tmut       ###.....     56%         4

Your spell library contained the following spells:

 Spells                   Type           Power        Failure   Level
 Wereblood                Tmut           ####....     14%         2
 Ensorcelled Hibernation  Hex/Ice        ##....       56%         2
 Corona                   Hex            #......      65%         1
 Magic Dart               Conj           #...         65%         1
 Searing Ray              Conj           #.....       77%         2
 Confusing Touch          Hex            #.......     90%         3
 Dazzling Flash           Conj/Hex       #.....       90%         3
 Tukima's Dance           Hex            #.......     90%         3
 Fulminant Prism          Conj/Hex       #.........   99%         4
 Iskenderun's Mystic Bla  Conj/Tloc      #.......     99%         4


Dungeon Overview and Level Annotations

Branches:
Dungeon (12/15)            Temple (0/1) D:5            Lair (2/6) D:11
  Swamp (0/4) Lair:2          Orc (0/2) D:11        Volcano (1/1)
 Shoals: Lair:2-4     Snake: Lair:2-4    Spider: Lair:2-4

Altars:
Ashenzari
Dithmenos
Gozag
Makhleb
Okawaru
Qazlal
Trog
Vehumet
Wu Jian
The Shining One

Annotations:
D:9 1 runed translucent door


Innate Abilities, Weirdness & Mutations

You have a beak for a mouth.
You have claws for feet.
You can fly continuously.


Message History

There is an open door, spattered with blood here.
You hit the stone giant but do no damage.
You slash the stone giant, but do no damage.
The stone giant hits you.
You hit the stone giant but do no damage.
You claw the stone giant.
The stone giant is lightly wounded.
The stone giant hits you!!
* * * LOW HITPOINT WARNING * * *
You hit the stone giant but do no damage.
The stone giant is lightly wounded.
Your transformation is almost over.
Okay, then.
You slash the stone giant!
The stone giant is moderately wounded.
The stone giant misses you.
You slice the stone giant!!
The stone giant is heavily wounded.
The stone giant hits you!!
You die...

#############
.'.....@....#
.#.8_8C#(.∩.#
#.....#....#
###)###''###.≈
#)#......#.≈≈
§≈
#.#.######.≈≈
§§ #.#.#.)..#
≈ ≈§
#.#.#....# ≈≈
#.#)#.[..# ≈≈
≈§


You could see a stone giant.

Vanquished Creatures
  Josephine (D:11)
  3 hydras
  A two-headed ogre (D:11)
  2 bog bodies (Lair:2)
  An unseen horror (D:10)
  Pikel (D:7)
  A lindwurm (Lair:2)
  2 ugly things (D:12)
  A cyclops (D:9)
  3 gargoyles
  5 centaur skeletons
  A molten gargoyle (Volcano)
  Maggie (Lair:1)
  2 cane toads (Lair:2)
  An efreet (Volcano)
  2 komodo dragons
  A troll (D:11)
  A tyrant leech (D:11)
  A polar bear (Lair:1)
  Sigmund (D:4)
  2 vampires (D:11)
  A wyvern (D:10)
  2 fire bats (Volcano)
  5 wraiths
  7 yaks
  2 fire elementals (Volcano)
  Eustachio (D:5)
  A steam dragon (D:9)
  2 basilisks
  8 vampire mosquitoes
  6 water moccasins
  4 sky beasts
  10 orc warriors
  A phantom (D:5)
  3 black bears
  3 ice beasts
  4 ogres
  9 centaurs
  A lemure (D:7)
  9 bullfrogs
  A wyvern zombie (D:11)
  4 scorpions
  3 howler monkeys
  5 wights (D:6)
  3 electric eels (D:11)
  3 lava snakes
  5 orc priests
  2 bullfrog skeletons
  9 orc wizards
  4 hounds
  9 worker ants
  A hound zombie (D:11)
  3 hound skeletons
  8 gnolls
  13 adders
  4 white imps
  An ufetubus (D:5)
  An ooze (D:2)
  An adder skeleton (D:9)
  A worm (D:4)
  A dart slug (D:1)
  6 leopard geckos
  53 orcs
  5 bats
  4 giant cockroaches
  7 goblins
  8 hobgoblins
  2 jackals (D:1)
  5 quokkas
  A ball python (D:5)
  7 frilled lizards
  7 kobolds
  A leopard gecko skeleton (D:4)
  A quokka skeleton (D:4)
  5 rats
  2 butterflies
309 creatures vanquished.

Vanquished Creatures (others)
  2 fungi
  4 plants
6 creatures vanquished.

Grand Total: 315 creatures vanquished

Notes
Turn   | Place    | Note
-------+----------+-------------------------------------------
     0 | D:1      | kae the Tengu Transmuter began the quest for the Orb.
     0 | D:1      | Reached XP level 1. HP: 12/12 MP: 4/4
   494 | D:1      | Reached XP level 2. HP: 16/16 MP: 4/6
   983 | D:1      | Reached XP level 3. HP: 20/20 MP: 7/7
   988 | D:1      | Learned a level 3 spell: Spider Form
  2445 | D:2      | Reached XP level 4. HP: 15/25 MP: 8/8
  2766 | D:2      | Reached skill level 1 in Poison Magic
  2875 | D:2      | Reached skill level 4 in Unarmed Combat
  2898 | D:2      | Found a broken altar of Ashenzari.
  2898 | D:2      | Found a burning altar of Makhleb.
  2903 | D:2      | Found a radiant altar of Vehumet.
  2905 | D:2      | Found a bloodstained altar of Trog.
  2906 | D:2      | Found an ornate altar of the Wu Jian Council.
  3079 | D:2      | Became a worshipper of the Wu Jian Council
  4225 | D:3      | Gained mutation: You can fly continuously. [Tengu growth]
  4225 | D:3      | Reached XP level 5. HP: 25/30 MP: 3/9
  5254 | D:3      | Reached skill level 1 in Armour
  6082 | D:4      | Reached * piety under Wu Jian
  6082 | D:4      | Reached XP level 6. HP: 33/35 MP: 7/10
  6416 | D:4      | Noticed Sigmund
  6518 | D:4      | Found a shadowy altar of Dithmenos.
  6736 | D:4      | Reached skill level 5 in Unarmed Combat
  6736 | D:4      | Reached XP level 7. HP: 18/40 MP: 9/12
  7291 | D:4      | Found an iron altar of Okawaru.
  7857 | D:4      | Killed Sigmund
  7985 | D:5      | Entered Level 5 of the Dungeon
  8760 | D:5      | Reached XP level 8. HP: 26/45 MP: 5/13
  9078 | D:4      | Reached ** piety under Wu Jian
  9341 | D:5      | Reached skill level 6 in Unarmed Combat
  9803 | D:5      | Found a stormy altar of Qazlal.
  9892 | D:5      | Noticed Eustachio
  9967 | D:5      | Found a staircase to the Ecumenical Temple.
 10179 | D:5      | Killed Eustachio
 10938 | D:6      | Reached XP level 9. HP: 52/52 MP: 15/15
 10979 | D:6      | Reached skill level 7 in Unarmed Combat
 11559 | D:7      | Reached skill level 5 in Transmutations
 11584 | D:7      | Reached skill level 5 in Dodging
 11828 | D:7      | Noticed Pikel
 11853 | D:7      | Killed Pikel
 12111 | D:7      | Found a glowing golden altar of the Shining One.
 12284 | D:7      | Reached skill level 8 in Unarmed Combat
 12891 | D:8      | Reached XP level 10. HP: 37/58 MP: 18/18
 13182 | D:8      | Reached skill level 5 in Fighting
 13182 | D:8      | Reached skill level 5 in Spellcasting
 13249 | D:8      | Reached *** piety under Wu Jian
 13852 | D:9      | Reached skill level 9 in Unarmed Combat
 13923 | D:9      | Noticed a cyclops
 14074 | D:9      | Killed a cyclops
 14218 | D:9      | Found a runed translucent door.
 14218 | D:9      | Noticed a sixfirhy
 14455 | D:10     | Entered Level 10 of the Dungeon
 14881 | D:10     | Found an opulent altar of Gozag.
 15099 | D:10     | Killed an unseen horror
 15685 | D:10     | Learned a level 5 spell: Blade Hands
 15690 | D:10     | Learned a level 4 spell: Ice Form
 15989 | D:11     | Reached skill level 1 in Ice Magic
 16321 | D:11     | Noticed a six-headed hydra
 16326 | D:11     | Reached XP level 11. HP: 64/64 MP: 20/20
 16519 | D:11     | Noticed a two-headed ogre
 16534 | D:11     | Killed a two-headed ogre
 16534 | D:11     | Reached skill level 10 in Unarmed Combat
 16627 | D:11     | Killed a six-headed hydra
 16820 | D:11     | Found a staircase to the Lair.
 17084 | D:11     | Reached **** piety under Wu Jian
 17354 | D:11     | Found a staircase to the Orcish Mines.
 17788 | D:11     | Found the +12 Vampire's Tooth {vamp}
 18222 | D:11     | Reached skill level 10 in Armour
 18222 | D:11     | Reached XP level 12. HP: 71/71 MP: 22/22
 18223 | D:11     | Reached skill level 13 in Unarmed Combat
 18223 | D:11     | Reached XP level 13. HP: 75/75 MP: 23/23
 18769 | D:12     | Noticed Josephine
 18777 | D:11     | Killed Josephine
 19354 | D:11     | Found a staircase to the Lair.
 19389 | D:11     | Found a staircase to the Orcish Mines.
 20400 | Lair:1   | Entered Level 1 of the Lair of Beasts
 20756 | Lair:1   | Noticed Maggie
 20767 | Lair:1   | Killed Maggie
 21299 | Lair:1   | Reached XP level 14. HP: 77/82 MP: 24/24
 21438 | Lair:1   | You are sucked into a shaft and drop 1 floor!
 21848 | Lair:2   | Found a staircase to the Swamp.
 21898 | Lair:2   | Reached skill level 14 in Unarmed Combat
 22087 | Lair:2   | Found a dark tunnel.
 22102 | Volcano  | Entered a volcano
 22219 | Volcano  | Found a bloodstained altar of Trog.
 22349 | Volcano  | Noticed a stone giant
 22360 | Volcano  | Demolished by a stone giant

Illustrated notes

Levels and vault maps discovered:
D:1:      heliophobic_arrival_ceremonial_halls, layout_loops_ring
D:2:      layout_basic, chequers_temple_overflow_minitemple
D:3:      layout_loops_corners, corexii_hall_statues_u, bh_walls_and_bars
D:4:      layout_layer_cave, nicolae_dithmenos_the_darkroom,
          kennysheep_little_box, uniq_sigmund
D:5:      layout_cave_pools, minmay_temple_entry_butterflies,
          minmay_misc_feat_encased, nicolae_qazlal_eye_of_the_storm,
          uniq_eustachio
D:6:      layout_loops_ring, minmay_checkerbox
D:7:      layout_basic, nicolae_tso_swordbearing_angel,
          mumra_transporter_accident, uniq_pikel
D:8:      layout_loops_ring, corexii_hall_statues_i
D:9:      cheibrodos_shockbox, layout_small_grid, kennysheep_cross_bottleneck
D:10:     layout_basic, basic_altar, minmay_between
D:11:     layout_basic, david_lair_generic, david_orc_4,
          minmay_guarded_unrand_vampires_tooth
D:12:     layout_rooms, grunt_ministairs_6, uniq_josephine
Lair:1:   layout_regular_city, uniq_maggie
Lair:2:   layout_chaotic_city, skrybe_swamp_entry_bodies,
          nicolae_volcano_entry_vermiform, lemuel_fruit_fields
Volcano:  volcano_lake [vl_original]

Skill      XL: |  1  2  3  4  5  6  7  8  9 10 11 12 13 14 |
---------------+-------------------------------------------+-----
Transmutations | 2 3 4 6 7 8 |  8.9
Poison Magic   | 1 2 |  2.0
Unarmed Combat | 4 5 6 8 9 10 13 14 | 14.2
Armour         | 1 2 3 4 10 | 10.1
Fighting       | 2 3 4 5 6 7 |  7.4
Dodging        | 3 4 5 6 7 8 |  8.2
Spellcasting   | 3 4 5 6 |  6.9
Ice Magic      | 1 3 4 |  4.0

Action                   |  1- 3 |  4- 6 |  7- 9 | 10-12 | 13-15 || total
-------------------------+-------+-------+-------+-------+-------++-------
Melee: Whip              |    83 |    97 |   110 |   104 |     7 ||   401
       Peck              |    12 |    11 |    24 |    24 |    11 ||    82
       Kick              |    14 |    28 |    25 |    29 |    15 ||   111
       Unarmed           |     3 |    73 |   229 |   226 |   199 ||   730
       Headbutt          |     7 |     7 |     5 |     2 |     1 ||    22
       Punch             |     2 |     1 |       |     1 |     3 ||     7
 Cast: Beastly Appendage |    19 |    18 |     6 |     3 |     1 ||    47
       Spider Form       |       |     8 |    31 |    23 |       ||    62
       Ice Form          |       |       |       |    12 |    17 ||    29
       Blade Hands       |       |       |       |       |    11 ||    11
Invok: Lunge             |       |     5 |    13 |    25 |    17 ||    60
       Whirlwind         |       |     1 |    14 |     7 |     6 ||    28
       Serpent's Lash    |       |       |       |     1 |       ||     1
 Abil: Fly               |       |     1 |       |       |       ||     1
       Wall Jump         |       |       |       |     1 |     1 ||     2
       End Transformatio |       |       |       |     1 |       ||     1
Evoke: Wand              |       |       |       |     5 |       ||     5
  Use: Potion            |       |     5 |     1 |     3 |     1 ||    10
       Scroll            |       |       |    16 |     8 |     3 ||    27
 Stab: Sleeping          |       |       |     1 |     3 |       ||     4
       Invisible         |       |       |       |       |     5 ||     5
Armor: Robe              |    13 |       |       |       |       ||    13
       Leather armour    |     5 |    30 |    25 |    25 |     4 ||    89
       Skin              |       |     1 |     2 |    17 |    17 ||    37
       Swamp dragon scal |       |       |       |       |     7 ||     7
Dodge: Dodged            |    73 |   128 |   291 |   244 |   108 ||   844
Block: Other             |       |       |    18 |    58 |    21 ||    97
       Reflection        |       |       |     1 |     2 |     1 ||     4

Table legend: (Time is in decaauts)
 A = Elapsed time spent in this place.
 B = Non-inter-level travel time spent in this place.
 C = Inter-level travel time spent in this place.
 D = Time resting spent in this place.
 E = Time spent auto-exploring this place.
 F = Levels seen in this place.
 G = Mean time per level.
                   A        B        C        D        E       F      G
               +--------+--------+--------+--------+--------+-----+--------+
         Total |  21472 |  20591 |    881 |   3118 |  14628 |  15 | 1431.5 |
       Dungeon |  19627 |  18865 |    762 |   2888 |  13560 |  12 | 1635.6 |
          Lair |   1603 |   1484 |    119 |    180 |    937 |   2 |  801.5 |
       Volcano |    242 |    242 |      0 |     49 |    130 |   1 |  242.0 |
               +--------+--------+--------+--------+--------+-----+--------+

Top non-repeatable levels by time:
    D:11: 3506 daAuts
     D:4: 3071 daAuts
     D:3: 2387 daAuts
     D:2: 2040 daAuts
     D:5: 1448 daAuts
     D:1: 1287 daAuts
     D:9: 1280 daAuts
  Lair:1: 1264 daAuts
     D:7: 1118 daAuts
    D:10: 962 daAuts
     D:6: 897 daAuts
    D:12: 877 daAuts
     D:8: 750 daAuts
  Lair:2: 339 daAuts
 Volcano: 242 daAuts
